 Dungeon Crawl Stone Soup version 0.28-a0-1555-g9ae15a6949 (webtiles) character file.

Game seed: 13257385368090835946

3024 flotson the Skirmisher (level 9, -2/69 HPs)
             Began as a Demonspawn Gladiator on Jan 19, 2022.
             Was an Initiate of Gozag.
             Slain by an orc warrior (24 damage)
             ... in a bailey.
             The game lasted 00:13:08 (7194 turns).

flotson the Skirmisher (Demonspawn Gladiator)       Turns: 7194, Time: 00:13:09

Health: -2/69      AC: 12    Str: 18    XL:     9   Next: 55%
Magic:  9/9        EV: 12    Int: 10    God:    Gozag
Gold:   607        SH:  4    Dex: 15    Spells: 8/8 levels left

rFire   . . .      SeeInvis .   b - +8 whip of Thoughtfulness {vorpal, rCorr}
rCold   . . .      Faith    .   (no shield)
rNeg    . . .      Spirit   .   o - +2 scale mail {rPois}
rPois   +          Reflect  .   (helmet restricted)
rElec   .          Harm     .   E - +0 cloak
rCorr   +          Rampage  .   (no gloves)
Will    .....                   (no boots)
Stlth   ..........              (no amulet)
HPRegen 0.21/turn               (no ring)
MPRegen 0.11/turn               (no ring)

@: mighty, gold aura
A: antennae 2, thin metallic scales 1, condensation shield, demonic magic 2
a: Renounce Religion, Potion Petition, Call Merchant, Bribe Branch


You were in a bailey.
You worshipped Gozag.
Gozag was pleased with you.
You visited 2 branches of the dungeon, and saw 8 of its levels.
You also visited: Bailey.

You collected 656 gold pieces.
You paid 49 gold pieces to Gozag.

Inventory:

Hand Weapons
 a - the +8 mace of the Singing Queen {speed, rN+ Will+}
   (You found it on level 4 of the Dungeon)

   Attacks with this weapon are significantly faster.
   rN:        It protects you from negative energy.
   Will:      It increases your willpower.
 b - the +8 whip of Thoughtfulness (weapon) {vorpal, rCorr}
   (You found it on level 7 of the Dungeon)

   It inflicts extra damage upon your enemies.
   rCorr:     It protects you from acid and corrosion.
 F - the +5 glaive "Bufirghy" {vorpal, rPois Str+6}
   (You found it on level 5 of the Dungeon)

   It inflicts extra damage upon your enemies.
   Str:       It affects your strength (+6).
   rPois:     It protects you from poison.
 I - a +0 broad axe
Missiles
 f - a javelin (quivered)
 g - 2 boomerangs
Armour
 o - a +2 scale mail of poison resistance (worn)
 E - a +0 cloak (worn)
Jewellery
 e - the ring of Xom's Wantonness {Ice Fly rPois Will+ Dex-3}
   (You found it on level 3 of the Dungeon)

   [ring of ice]

   It enhances your ice magic.
   Dex:       It affects your dexterity (-3).
   rF:        It makes you vulnerable to fire.
   rC:        It protects you from cold.
   rPois:     It protects you from poison.
   Fly:       It grants you flight.
   Will:      It increases your willpower.
Wands
 c - a wand of paralysis (11)
 l - a wand of flame (46)
 p - a wand of iceblast (3)
Scrolls
 j - 6 scrolls of identify {unknown}
 n - a scroll of enchant weapon {unknown}
 q - 6 scrolls of teleportation {unknown}
 s - 3 scrolls of vulnerability {unknown}
 v - a scroll of brand weapon {unknown}
 w - a scroll of silence {unknown}
 y - a scroll of noise {unknown}
 z - 2 scrolls of fog {unknown}
 A - a scroll of amnesia {unknown}
 B - a scroll of acquirement {unknown}
 G - a scroll of enchant armour {unknown}
Potions
 h - a potion of cancellation {unknown}
 i - a potion of resistance {unknown}
 k - 2 potions of mutation {unknown}
 m - a potion of magic {unknown}
 r - 2 potions of berserk rage {unknown}
 t - 3 potions of curing
 u - 4 potions of lignification {unknown}
 x - a potion of invisibility {unknown}
 C - a potion of flight {unknown}
 D - a potion of degeneration {unknown}


   Skills:
 + Level 5.8 Fighting
 + Level 5.6 Axes
 + Level 5.2 Throwing
 + Level 4.9 Armour
 + Level 5.7 Dodging
 + Level 4.9 Evocations


You had 8 spell levels left.
You didn't know any spells.
Your spell library contained the following spells:

 Spells                   Type           Power      Damage    Failure   Level
 Magic Dart               Conj           0%         1d3       75%         1
 Corpse Rot               Necr/Air       0%         N/A       86%         2
 Poisonous Vapours        Pois/Air       0%         N/A       86%         2
 Searing Ray              Conj           0%         2d4       86%         2
 Ignite Poison            Fire/Tmut/Pois 0%         N/A       98%         3
 Mephitic Cloud           Conj/Pois/Air  0%         N/A       98%         3
 Fulminant Prism          Conj/Hex       0%         3d6       100%        4
 Freezing Cloud           Conj/Ice/Air   0%         6-21      100%        5


Dungeon Overview and Level Annotations

Branches:
Dungeon (7/15)             Temple (1/1) D:5          Bailey (1/1)

Altars:
Ashenzari
Cheibriados
Dithmenos
Elyvilon
Fedhas
Gozag
Hepliaklqana
Kikubaaqudgha
Makhleb
Okawaru
Qazlal
Ru
Sif Muna
Trog
Uskayaw
Wu Jian
Xom
Yredelemnul
Zin
The Shining One

Shops:
D:5 :


Innate Abilities, Weirdness & Mutations

You have a pair of antennae on your head.
You are partially covered in thin metallic scales. (AC +2)
A meltable shield of frost defends you. (SH +4)
Spells you cast may paralyse nearby enemies.


Message History

The orc warrior struggles against the net.
You whack the orc knight!
You kill the orc knight!
The orc warrior struggles against the net.
The orc warrior struggles against the net.
Things that are here:
34 gold pieces; a +0 war axe; a +0 plate armour What are your orders? t - Shout!
Orders for allies: a - Attack new target. r - Retreat! s - Stop attacking. g - Guard the area. f - Follow me.
Anything else - Cancel.
Gang up on whom?
Press: ? - help, Dir - move target, f - orc warrior
Aim: an orc warrior, wielding a +0 war axe and wearing a +0 ring mail (moderately wounded, strong, entangled in a net, ally target) Attack!
The orc warrior struggles against the net.
The net rips apart, and the orc warrior comes free!
Your orc priest misses the orc warrior.
Your orc priest mumbles some strange prayers to Beogh against the orc warrior.
The orc warrior is smitten.
Throw: 3 javelins
Press: ? - help, Q - select action, (/) - cycle Shift-Dir - straight line, f/p - orc warrior
Aim: an orc warrior, wielding a +0 war axe and wearing a +0 ring mail (almost dead, strong, ally target, 56% to hit)
You throw a javelin.
The javelin pierces through the orc warrior but does no damage.
The orc warrior is almost dead.
Throw: 2 javelins
Press: ? - help, Q - select action, (/) - cycle Shift-Dir - straight line, f/p - orc warrior
Aim: an orc warrior, wielding a +0 war axe and wearing a +0 ring mail (almost dead, strong, ally target, 56% to hit)
You throw a javelin.
The javelin pierces through the orc warrior.
The orc warrior is almost dead.
The orc warrior closely misses you.
You barely miss the orc warrior.
The orc warrior is almost dead.
The orc warrior hits you with a +0 war axe!!
You die...
Your body crumbles into a pile of gold.

###))[..###♣.♣....♣♣
#..))....(##)).....♣♣
.....)....(#).......♣
...........'.......♣♣
.....⌠....('..∩.∩..♣
........)..).......♣
......)....#)).oo..♣
#.........##...o..♣♣
###.o...###♣♣♣..@.♣
..#(#.### ♣....♣
....### ♣♣♣♣♣♣ o(...#
.....# .....# .....#
.....# ....##


You could see an orc warrior (strong, ally target), a friendly orc priest
(summoned) and a friendly orc (summoned).

Vanquished Creatures
  2 orc knights (Bailey)
  Prince Ribbit (D:6)
  5 orc warriors (Bailey)
  An ice beast (D:6)
  2 ogres
  A necrophage (D:4)
  2 centaurs
  A kobold brigand (D:7)
  A bullfrog (D:6)
  A scorpion (D:5)
  A water moccasin skeleton (D:5)
  A centaur zombie (D:7)
  2 bullfrog zombies
  2 hounds
  2 jellies
  An orc priest (D:3)
  3 bullfrog skeletons
  Jessica (D:2)
  An iguana (D:5)
  Terence (D:2)
  3 orc wizards
  A killer bee zombie (D:6)
  A hound zombie (D:5)
  9 gnolls
  6 adders
  3 ufetubi
  A worm (D:3)
  3 dart slugs
  17 orcs
  4 ball pythons
  9 bats
  4 endoplasms
  7 giant cockroaches
  20 goblins
  6 hobgoblins
  3 jackals (D:1)
  2 quokkas
  A frilled lizard (D:2)
  12 kobolds
  3 rats
147 creatures vanquished.

Notes
Turn   | Place    | Note
-------+----------+-------------------------------------------
     0 | D:1      | flotson the Demonspawn Gladiator began the quest for the
                  | Orb.
     0 | D:1      | Reached XP level 1. HP: 16/16 MP: 1/1
   346 | D:1      | Gained mutation: You are partially covered in thin metallic
                  | scales. (AC +2) [demonic ancestry]
   346 | D:1      | Reached XP level 2. HP: 20/22 MP: 2/2
   922 | D:1      | Found a faded altar of an unknown god.
  1080 | D:1      | Gained mutation: Spells you cast may paralyse adjacent
                  | enemies. [demonic ancestry]
  1080 | D:1      | Reached XP level 3. HP: 26/28 MP: 3/3
  1084 | D:1      | Reached skill level 1 in Armour
  1694 | D:2      | Noticed Jessica
  1695 | D:2      | Killed Jessica
  1696 | D:2      | Gained mutation: You have a pair of small antennae on your
                  | head. [demonic ancestry]
  1696 | D:2      | Reached XP level 4. HP: 34/34 MP: 4/4
  2105 | D:3      | Noticed Terence
  2599 | D:2      | Killed Terence
  2662 | D:3      | Gained mutation: You have a pair of antennae on your head.
                  | [demonic ancestry]
  2662 | D:3      | Reached XP level 5. HP: 40/40 MP: 5/5
  2967 | D:3      | Identified the ring of Xom's Wantonness {Ice Fly rPois
                  | Will+ Dex-3}
  3062 | D:3      | Reached skill level 1 in Evocations
  3295 | D:4      | Noticed a necrophage
  3298 | D:4      | Identified the +8 mace of the Singing Queen {speed, rN+
                  | Will+}
  3325 | D:4      | Killed a necrophage
  3326 | D:4      | Gained mutation: Spells you cast may paralyse nearby
                  | enemies. [demonic ancestry]
  3326 | D:4      | Reached XP level 6. HP: 47/47 MP: 6/6
  3694 | D:5      | Entered Level 5 of the Dungeon
  3777 | D:5      | Reached XP level 7. HP: 29/53 MP: 7/7
  4124 | D:5      | Found a staircase to the Ecumenical Temple.
  4137 | Temple   | Entered the Ecumenical Temple
  4211 | Temple   | Became a worshipper of Gozag Ym Sagoz the Greedy
  4276 | D:5      | Identified the +5 glaive "Bufirghy" {vorpal, rPois Str+6}
  4350 | D:5      | Found Hydauh's Book Emporium.
  5064 | D:6      | Reached XP level 8. HP: 58/60 MP: 8/8
  5078 | D:6      | Noticed Prince Ribbit
  5096 | D:6      | Killed Prince Ribbit
  6029 | D:7      | Identified the +8 whip of Thoughtfulness {vorpal, rCorr}
  6197 | D:7      | Found a flagged portal.
  6206 | D:7      | Reached skill level 5 in Dodging
  6215 | Bailey   | Entered a bailey
  6243 | Bailey   | Reached skill level 5 in Fighting
  6380 | Bailey   | Reached skill level 5 in Axes
  6705 | Bailey   | Gained mutation: A meltable shield of frost defends you.
                  | (SH +4) [demonic ancestry]
  6705 | Bailey   | Reached XP level 9. HP: 33/68 MP: 9/9
  7091 | Bailey   | Noticed an orc knight
  7117 | Bailey   | Killed an orc knight
  7118 | Bailey   | Reached skill level 5 in Throwing
  7146 | Bailey   | Noticed an orc knight
  7187 | Bailey   | Killed an orc knight
  7194 | Bailey   | Slain by an orc warrior

Illustrated notes

Levels and vault maps discovered:
D:1:      matt_arrival_diagonals, layout_loops_corners,
          ebering_ecumenical_altar_petrified
D:2:      layout_basic, st_stairs_11, uniq_jessica
D:3:      layout_rooms, uniq_terence
D:4:      layout_rooms
D:5:      layout_loops_ring, temple_fountains, serial_shops,
          nicolae_lakefront_shop
D:6:      layout_gridville, uniq_prince_ribbit1
D:7:      layout_cave_pods, gammafunk_ghost_wrathful_warriors, enter_bailey_3
Temple:   regret_index_temple_sigil_plot
Bailey:   bailey_axe_minmay_hex_keep, bailey

Skill      XL: |  1  2  3  4  5  6  7  8  9 |
---------------+----------------------------+-----
Throwing       | 2 3 4 5 |  5.2
Dodging        | 3 4 5 |  5.7
Axes           | 3 4 5 |  5.6
Armour         | 1 2 3 4 |  4.9
Fighting       | 3 4 5 |  5.8
Evocations     | 1 2 3 4 |  4.9

Action                   |  1- 3 |  4- 6 |  7- 9 || total
-------------------------+-------+-------+-------++-------
Melee: War axe           |    96 |       |       ||    96
       Punch             |     1 |       |     1 ||     2
       Dagger            |       |    74 |       ||    74
       Mace              |       |    65 |    20 ||    85
       Glaive            |       |       |    95 ||    95
       Whip              |       |       |   134 ||   134
Throw: Javelin           |     4 |       |    19 ||    23
       Boomerang         |       |     7 |       ||     7
       Throwing net      |       |       |     4 ||     4
Evoke: Wand              |       |       |     5 ||     5
  Use: Scroll            |       |       |     1 ||     1
       Potion            |       |       |     1 ||     1
 Stab: Held in net/web   |       |       |     1 ||     1
Armor: Ring mail         |    64 |    15 |       ||    79
       Scale mail        |       |    40 |   131 ||   171
Dodge: Dodged            |    88 |    75 |   164 ||   327
Block: Other             |       |       |     4 ||     4

Table legend: (Time is in decaauts)
 A = Elapsed time spent in this place.
 B = Non-inter-level travel time spent in this place.
 C = Inter-level travel time spent in this place.
 D = Time resting spent in this place.
 E = Time spent auto-exploring this place.
 F = Levels seen in this place.
 G = Mean time per level.
                   A        B        C        D        E       F      G
               +--------+--------+--------+--------+--------+-----+--------+
         Total |   7272 |   7091 |    181 |     49 |   5568 |   9 |  808.0 |
       Dungeon |   6203 |   6039 |    164 |     32 |   4904 |   7 |  886.1 |
        Temple |     91 |     74 |     17 |      0 |     50 |   1 |   91.0 |
        Bailey |    977 |    977 |      0 |     17 |    614 |   1 |  977.0 |
               +--------+--------+--------+--------+--------+-----+--------+

Top non-repeatable levels by time:
     D:1: 1399 daAuts
     D:6: 1194 daAuts
     D:5: 1074 daAuts
  Bailey: 977 daAuts
     D:3: 966 daAuts
     D:2: 965 daAuts
     D:4: 397 daAuts
     D:7: 207 daAuts
  Temple: 91 daAuts
